General information
			
			
        
        - name: grudge4
 
        - type: Ladder 1vs1/FFA
 
        - host: BEAR_AND
 
        - saver: timg4strOK
 
        
map: aps\Download\Doodads EI 1.06 
        - players: 5
 
        - length: 05:15
 
        - speed: Fast
 - version: 1.22 W3XP
 - replay type:  

 
» download(20 KB)
Players
        team 1 (winner) 
              
              
» 
timg4strOK (
gray | 127 APM | 670 actions | 05:16)
              
 2 Keeper of the Grove 
 1 Entangling Roots
 1 Thorns Aura
 
                » actions 
                
                | Assign group hotkey | 8 |  | 
| Basic commands | 13 |  | 
| Build / train | 20 |  | 
| Enter build submenu | 6 |  | 
| Enter hero's abilities submenu | 2 |  | 
| Right click | 356 |  | 
| Select / deselect | 67 |  | 
| Select group hotkey | 177 |  | 
| Use ability | 21 |  | 
                670 total
 » units 
                
                | Wisp | 10 |  | 
| Archer | 5 |  | 
| Forest Troll Berserker | 1 |  | 
                16 total
 » buildings
                
                | Altar of Elders | 1 |  | 
| Moon Well | 3 |  | 
| Ancient of War | 1 |  | 
| Tree of Ages | 1 |  | 
| Hunter's Hall | 1 |  | 
                7 total
 » build order
                00:09 Altar of Elders
00:21 Moon Well
01:06 Ancient of War
01:41 Moon Well
01:55 Moon Well
03:09 Tree of Ages
03:34 Hunter's Hall
 
               team 2 (loser) 
              
              
HUNNERT_PERCENT (
pink | 59 APM | 311 actions | 05:15)
              
 2 Archmage 
 1 Summon Water Elemental
 1 Brilliance Aura
 
                » actions 
                
                | Assign group hotkey | 12 |  | 
| Basic commands | 24 |  | 
| Build / train | 21 |  | 
| Enter build submenu | 11 |  | 
| Enter hero's abilities submenu | 3 |  | 
| Right click | 110 |  | 
| Select / deselect | 101 |  | 
| Select group hotkey | 6 |  | 
| Use ability | 23 |  | 
                311 total
 » units 
                
                | Peasant | 7 |  | 
| Footman | 5 |  | 
| Forest Troll Shadow Priest | 1 |  | 
                13 total
 » buildings
                
                | Altar of Kings | 1 |  | 
| Farm | 5 |  | 
| Barracks | 1 |  | 
| Keep | 1 |  | 
                8 total
 » build order
                00:23 Altar of Kings
00:28 Farm
00:33 Barracks
01:03 Farm
01:54 Farm
03:09 Farm
03:10 Farm
03:39 Keep
 
               observersBEAR_AND, 
hiarah, 
SDFWESDER Chat log
          (00:00) HUNNERT_PERCENT: on luck
(01:11 / All) HUNNERT_PERCENT: noobelf
(03:22 / All) timg4strOK: beli is the fuckin wierdest guy
(05:13 / All) HUNNERT_PERCENT: i cant play like this
(05:14 / All) HUNNERT_PERCENT: thanks